[Event "Jerry Simon Memorial 2024"]
[Site "New York"]
[Date "2024.11.25"]
[Round "5.1"]
[White "Colwell, Andrew"]
[Black "Shvarts, Tim"]
[Result "1/2-1/2"]
[ECO "D35"]
[WhiteElo "1792"]
[BlackElo "1915"]
[Annotator "RC"]
[PlyCount "72"]
[EventDate "2024.11.22"]
[EventType "swiss"]
[EventCountry "USA"]
[SourceTitle "playchess.com"]
[Source "ChessBase"]
[SourceQuality "1"]
[TimeControl "5400+30"]

1. d4 Nf6 2. c4 e6 3. Nc3 d5 4. cxd5 exd5 5. Bg5 Be7 6. e3 Nbd7 7. Bd3 h6 8. Bh4 O-O 9. Nge2 c6 10. O-O Ne4 11. Bxe7 Qxe7 12. Bxe4 dxe4 13. Ng3 Nf6 14. f3 exf3 15. Qxf3 Re8 16. e4 Qb4 17. Qf2 Be6 18. Rad1 Rad8 19. h3 Rd7 20. e5 Nd5 21. Nce4 b6 22. Nh5 Kh8 23. Rd3 Rg8 24. Nd6 Rxd6 25. exd6 Qxd6 26. b3 a5 27. Rg3 g6 28. Nf6 Nxf6 29. Qxf6+ Kh7 30. Rgf3 b5 31. Rf4 Rd8 32. Rh4 h5 33. Rff4 Re8 34. g4 Qd8 35. g5 Qc7 36. Kf2 a4 1/2-1/2

[Event "Jerry Simon Memorial 2024"]
[Site "New York"]
[Date "2024.11.25"]
[Round "5.2"]
[White "Liao, Connor"]
[Black "Otero, Joseph"]
[Result "1/2-1/2"]
[ECO "A48"]
[WhiteElo "1741"]
[BlackElo "1862"]
[Annotator "NA RC"]
[PlyCount "52"]
[EventDate "2024.11.22"]
[EventType "swiss"]
[EventCountry "USA"]
[SourceTitle "playchess.com"]
[Source "ChessBase"]
[SourceQuality "1"]
[TimeControl "5400+30"]

1. d4 Nf6 2. Nf3 g6 3. e3 Bg7 4. b3 b6 5. Bb2 Bb7 6. Nbd2 O-O 7. Be2 d6 8. O-O Nbd7 9. c4 Re8 {[%emt 0:00:52] A48: 1 d4 Nf6 2 Nf3 g6: Torre, London and Colle Systems.} 10. Qc2 c5 11. Rad1 Qc7 12. Nb1 Ne4 13. Nc3 Nxc3 14. Bxc3 Rac8 15. Qb2 a6 (15... cxd4 $11 16. Nxd4 d5) 16. Rc1 e5 17. dxe5 dxe5 18. Nd2 Nf8 19. Bf3 Ne6 20. Bxb7 Qxb7 21. Rfe1 Rcd8 22. Rcd1 Nd4 23. Nf1 Nc6 24. a3 h5 $11 25. h3 f5 26. Ng3 Qe7 1/2-1/2

[Event "Jerry Simon Memorial 2024"]
[Site "New York"]
[Date "2024.11.25"]
[Round "5.3"]
[White "Tao, Jeremy"]
[Black "Knowles, Chase"]
[Result "1/2-1/2"]
[ECO "B06"]
[WhiteElo "1837"]
[BlackElo "1983"]
[Annotator "RC"]
[PlyCount "107"]
[EventDate "2024.11.22"]
[EventType "swiss"]
[EventCountry "USA"]
[SourceTitle "playchess.com"]
[Source "ChessBase"]
[SourceQuality "1"]
[TimeControl "5400+30"]

1. d4 g6 2. c4 Bg7 3. e4 d6 4. Nc3 Nd7 5. Nge2 e5 6. d5 Ne7 7. g3 f5 8. Bg2 O-O 9. O-O Nf6 10. exf5 gxf5 11. f4 e4 12. Be3 c6 13. Qb3 c5 14. h3 a6 15. Qa3 b5 16. cxb5 Nexd5 17. Nxd5 Nxd5 18. Bf2 Be6 19. g4 fxg4 20. Bxe4 Nxf4 21. Nxf4 Rxf4 22. Bxa8 Qxa8 23. Qxa6 Qe4 24. Rae1 Qg6 25. h4 Bc4 26. Rd1 Bxf1 27. Qa8+ Rf8 28. Qd5+ Kh8 29. Rxf1 g3 30. Be3 Re8 31. Bg5 h6 32. Bd2 Bd4+ 33. Kh1 g2+ 34. Qxg2 Qxg2+ 35. Kxg2 Re2+ 36. Kf3 Rxd2 37. Rb1 d5 38. a4 c4 39. a5 Rf2+ 40. Kg4 Bc5 41. b4 Bd4 42. b6 Rf7 43. b5 Kg8 44. Rd1 c3 45. Re1 Bc5 46. Re8+ Rf8 47. Rxf8+ Bxf8 48. b7 c2 49. b8=Q c1=Q 50. Qe5 Qc4+ 51. Kh5 Qxb5 52. Qe6+ Kh8 53. Qf5 Qxa5 54. Qxf8+ 1/2-1/2

[Event "Jerry Simon Memorial 2024"]
[Site "New York"]
[Date "2024.11.25"]
[Round "5.4"]
[White "Shirvell, Matthew M"]
[Black "Nkululeko, Nkosi"]
[Result "0-1"]
[ECO "A29"]
[WhiteElo "1704"]
[BlackElo "1906"]
[Annotator "RC"]
[PlyCount "112"]
[EventDate "2024.11.22"]
[EventType "swiss"]
[EventCountry "USA"]
[SourceTitle "playchess.com"]
[Source "ChessBase"]
[SourceQuality "1"]
[TimeControl "5400+30"]

1. c4 e5 2. Nc3 Nf6 3. g3 d5 4. cxd5 Nxd5 5. Bg2 Nb6 6. Nf3 Nc6 7. O-O Be7 8. a3 Be6 9. b4 a5 10. b5 Nd4 11. Nxd4 exd4 12. Na4 Bd5 13. Nxb6 cxb6 14. Bxd5 Qxd5 15. a4 O-O 16. Ba3 Bc5 17. d3 Rfe8 18. Qd2 Re6 19. Bxc5 bxc5 20. Qa2 Qh5 21. f3 Rae8 22. Rf2 b6 23. Rc1 Re3 24. Qc2 Qe5 25. Re1 h5 26. Kg2 Qd5 27. Rc1 R8e6 28. Kf1 Qf5 29. Re1 Qh3+ 30. Kg1 Rg6 31. Rg2 Qe6 32. Rc1 Kh7 33. Rf2 f5 34. Kh1 f4 35. gxf4 Qf5 36. Rg1 Rxg1+ 37. Kxg1 Qxf4 38. Qd2 g5 39. Qc2 Qf7 40. Rg2 Kh6 41. Qb1 Re5 42. Qc1 Qf4 43. Qxf4 gxf4 44. Kf2 Rg5 45. Rxg5 Kxg5 46. h3 Kf5 47. Ke1 Ke5 48. Kd2 Kd5 49. Kc2 c4 50. dxc4+ Kxc4 51. Kd2 Kb4 52. Kd3 Kxa4 53. Kc4 h4 54. Kxd4 Kxb5 55. e3 fxe3 56. Kxe3 a4 0-1

[Event "Jerry Simon Memorial 2024"]
[Site "New York"]
[Date "2024.11.25"]
[Round "5.5"]
[White "Dalhouse, Justin"]
[Black "Wallace, Harper"]
[Result "1-0"]
[ECO "B12"]
[WhiteElo "1903"]
[BlackElo "1795"]
[Annotator "RC"]
[PlyCount "73"]
[EventDate "2024.11.22"]
[EventType "swiss"]
[EventCountry "USA"]
[SourceTitle "playchess.com"]
[Source "ChessBase"]
[SourceQuality "1"]
[TimeControl "5400+30"]

1. e4 c6 2. d4 d5 3. e5 c5 4. c3 Nc6 5. Be2 a6 6. a3 Bf5 7. Nf3 e6 8. O-O Nge7 9. dxc5 Ng6 10. b4 Bg4 11. Nd4 Bxe2 12. Qxe2 Ngxe5 13. Nxc6 Nxc6 14. Qg4 Ne5 15. Qg3 Ng6 16. Nd2 Be7 17. Nf3 Bf6 18. Nd4 O-O 19. Bd2 Rc8 20. Rad1 Ne5 21. Rfe1 Nc4 22. Bc1 b6 23. Nb3 a5 24. a4 Qd7 25. cxb6 axb4 26. cxb4 Qxa4 27. b7 Rcd8 28. Nc5 Qxb4 29. Qc7 Be5 30. Rxe5 Nxe5 31. Bg5 Qg4 32. Rf1 Nf3+ 33. Kh1 Qc4 34. Rc1 Qe2 35. Bxd8 Ne1 36. Kg1 Qd2 37. Nb3 1-0

[Event "Jerry Simon Memorial 2024"]
[Site "New York"]
[Date "2024.11.25"]
[Round "5.6"]
[White "Olsen, Robert"]
[Black "Li, Robert"]
[Result "1-0"]
[ECO "A62"]
[WhiteElo "1877"]
[BlackElo "1738"]
[Annotator "NA RC"]
[PlyCount "79"]
[EventDate "2024.11.22"]
[EventType "swiss"]
[EventCountry "USA"]
[SourceTitle "playchess.com"]
[Source "ChessBase"]
[SourceQuality "1"]
[TimeControl "5400+30"]

1. d4 Nf6 2. c4 g6 3. g3 Bg7 4. Bg2 O-O 5. Nc3 d6 6. Nf3 c5 7. d5 e6 8. O-O exd5 9. cxd5 Re8 10. Bf4 {[%emt 0:00:16] Recently 10.Re1 got a lot of attention.} a6 11. a4 Nh5 12. Bg5 {[%emt 0:00:00] A62: Modern Benoni: Fianchetto Variation without early ...Nbd7.} Qb6 13. Qc2 Nd7 14. Rfe1 h6 15. a5 $146 ({Predecessor:} 15. Bd2 c4 16. a5 Qc7 17. Qa4 Nhf6 18. e4 Rb8 19. Be3 Re7 20. Ba7 Ra8 21. Bd4 {0-1 Ortiz,F (1871)-Axarlian,C (2017) ARG-ch 96th Buenos Aires 2022 (10)}) 15... Qc7 16. Bd2 b5 17. axb6 Nxb6 18. e4 Bd7 19. Nd1 Nf6 20. Nc3 Nc4 21. Bc1 Nb6 22. h3 g5 23. Qd1 Qc8 24. h4 gxh4 25. Nxh4 Rb8 26. Bf1 c4 27. Bf4 Qc5 28. Be3 Qc8 29. Bd4 $18 Bg4 30. Qd2 h5 31. f3 Bh3 32. Qg5 Re5 33. Bxe5 dxe5 34. Bxh3 Qxh3 35. Nf5 Ne8 36. Re2 f6 37. Qg6 Nd7 38. Rh2 Nf8 39. Qxg7+ Nxg7 40. Rxh3 1-0

[Event "Jerry Simon Memorial 2024"]
[Site "New York"]
[Date "2024.11.25"]
[Round "5.7"]
[White "Wang, Connor Junda"]
[Black "Raitzin, Misha"]
[Result "0-1"]
[ECO "C45"]
[WhiteElo "1931"]
[BlackElo "1821"]
[Annotator "RC"]
[PlyCount "30"]
[EventDate "2024.11.22"]
[EventType "swiss"]
[EventCountry "USA"]
[SourceTitle "playchess.com"]
[Source "ChessBase"]
[SourceQuality "1"]
[TimeControl "5400+30"]

1. e4 e5 2. Nf3 Nc6 3. d4 exd4 4. Nxd4 Nf6 5. Nxc6 bxc6 6. e5 Qe7 7. Qe2 Nd5 8. h4 a5 9. Bg5 Qc5 10. c4 Ba6 11. Nd2 h6 12. Ne4 Qb4+ 13. Qd2 hxg5 14. cxd5 Qxe4+ 15. Be2 Bb4 0-1

[Event "Jerry Simon Memorial 2024"]
[Site "New York"]
[Date "2024.11.25"]
[Round "5.8"]
[White "Paruchuri, Naveen"]
[Black "Sen, Samant Robert"]
[Result "1-0"]
[ECO "A90"]
[WhiteElo "1825"]
[BlackElo "1741"]
[Annotator "NA RC"]
[PlyCount "101"]
[EventDate "2024.11.22"]
[EventType "swiss"]
[EventCountry "USA"]
[SourceTitle "playchess.com"]
[Source "ChessBase"]
[SourceQuality "1"]
[TimeControl "5400+30"]

1. d4 f5 2. c4 e6 3. Nf3 Nf6 4. g3 c6 5. Bg2 d5 6. O-O Bd6 7. b3 O-O 8. Bb2 Nbd7 9. Nbd2 Qe8 10. Ne5 Qh5 {[%emt 0:00:00] A90: Dutch Defence: Miscellaneous and Modern Stonewall (with ...Bd6).} 11. Ndf3 g5 12. e3 Ng4 13. h3 Ngxe5 14. Nxe5 Qxd1 15. Raxd1 Nxe5 16. dxe5 Bc7 17. g4 f4 18. exf4 Rxf4 19. cxd5 cxd5 20. Rc1 Bb6 21. Rc2 h6 22. Bc1 Rf7 23. Kh2 Bd7 24. f4 Bb5 25. Rf3 Raf8 26. f5 Bc7 27. Bb2 Bc6 28. Bd4 exf5 29. Rxf5 Rxf5 30. gxf5 Rxf5 31. Bxd5+ Kf8 32. Bxc6 bxc6 33. Kg2 Kf7 34. Rxc6 Bxe5 35. Bxa7 Bf6 36. Be3 Rd5 37. Rc2 Be7 38. Rd2 Re5 39. Bf2 Rb5 40. Rd3 Ba3 41. Be3 Ke6 {[%emt 0:01:32] [#]} 42. h4 Kf5 43. Rd1 Ke4 44. Bc1 Bb4 45. hxg5 hxg5 $14 46. Kg3 Rf5 47. Kg4 Rf2 48. a3 Bc3 49. Kxg5 Rg2+ 50. Kh6 Rh2+ 51. Kg6 1-0

[Event "Jerry Simon Memorial 2024"]
[Site "New York"]
[Date "2024.11.25"]
[Round "5.9"]
[White "Bonnell, Gregor"]
[Black "Chen, Ryan"]
[Result "0-1"]
[ECO "B22"]
[WhiteElo "1659"]
[BlackElo "1839"]
[Annotator "NA RC"]
[PlyCount "34"]
[EventDate "2024.11.22"]
[EventType "swiss"]
[EventCountry "USA"]
[SourceTitle "playchess.com"]
[Source "ChessBase"]
[SourceQuality "1"]
[TimeControl "5400+30"]

1. e4 c5 2. Nf3 e6 3. c3 Nf6 4. e5 Nd5 5. g3 d6 6. exd6 Bxd6 7. Bg2 Nc6 8. d4 cxd4 9. Nxd4 O-O 10. O-O Bc5 11. Nxc6 bxc6 12. c4 Nb4 13. Nc3 Ba6 14. Qe2 Qd3 15. Qxd3 Nxd3 $15 16. Bxc6 Rad8 17. Bb5 Bb7 0-1

[Event "Jerry Simon Memorial 2024"]
[Site "New York"]
[Date "2024.11.25"]
[Round "5.10"]
[White "Patel, Raza Mikal"]
[Black "Chachere, Theodore"]
[Result "1-0"]
[ECO "E21"]
[WhiteElo "1733"]
[BlackElo "1907"]
[Annotator "RC"]
[PlyCount "62"]
[EventDate "2024.11.22"]
[EventType "swiss"]
[EventCountry "USA"]
[SourceTitle "playchess.com"]
[Source "ChessBase"]
[SourceQuality "1"]
[TimeControl "5400+30"]

1. d4 Nf6 2. Nf3 e6 3. c4 b6 4. Nc3 Bb4 5. Bd2 Bb7 6. e3 Bxc3 7. bxc3 O-O 8. Bd3 c5 9. Rb1 Qc7 10. O-O Nc6 11. e4 d6 12. Qe2 e5 13. d5 Ne7 14. Ne1 Ng6 15. Kh1 h6 16. g3 Bc8 17. f4 exf4 18. gxf4 Bg4 19. Qg2 Kh8 20. Rg1 Rg8 21. Nf3 Rae8 22. Rbe1 Bh5 23. e5 Bxf3 24. Qxf3 dxe5 25. Bxg6 fxg6 26. fxe5 Rxe5 27. Bf4 Rf5 28. Bxc7 Rxf3 29. Rxg6 Rxc3 30. Be5 Rxc4 31. Reg1 Ne4 1-0